Map: Gresvan LE

Players

Nikich

  • Race: Zerg Zerg
  • League: Grandmaster
  • Spawn Location: 5:00

ShowDown - Winner!

  • Race: Protoss Protoss
  • League: Grandmaster
  • Spawn Location: 11:00

VOD

Have the link to the VOD?

Description

Time

  • Played on: Feb. 22, 2023, 4:51 p.m.
  • Length: 27:24
Show
View Real Time Build Order
Export as new Build Order

Nikich Zerg 

Build Orders: Hatch First, Lurkers 

Get SALT Encoding   

  12  0:00  Drone  
  13  0:12  Overlord  
  13  0:17  Drone  
  14  0:31  Drone x2  
  16  0:47  Hatchery  
  15  0:51  Drone  
  15  0:55  Drone  
  17  0:57  Drone  
  18  1:09  Extractor  
  17  1:13  Spawning Pool  
  17  1:16  Drone  
  17  1:18  Drone  
  18  1:27  Drone  
  19  1:38  Drone  
  20  1:53  Overlord  
  20  2:00  Queen  
  22  2:02  Queen  
  22  2:03  Zergling x4  
  26  2:11  Metabolic Boost  
  26  2:12  Drone x2  
  28  2:22  Drone x2  
  30  2:35  Hatchery  
  29  2:37  Drone  
  29  2:42  Queen  
  32  2:48  Zergling x2  
  33  2:51  Overlord  
  33  2:57  Drone x2  
  33  2:58  Zergling x2  
  35  3:12  Drone  
  36  3:13  Overlord, Drone x2  
  36  3:15  Drone  
  36  3:16  Queen  
  41  3:21  Queen  
  43  3:31  Spore Crawler  
  43  3:32  Drone x2  
  46  3:34  Drone x2  
  46  3:37  Spore Crawler  
  45  3:42  Drone x3  
  45  3:46  Drone x2  
  49  3:57  Drone x5  
  49  4:01  Overlord  
  49  4:02  Overlord  
  54  4:14  Spore Crawler  
  54  4:16  Evolution Chamber  
  52  4:18  Overlord  
  52  4:21  Drone x6  
  58  4:25  Queen  
  60  4:32  Zergling x4  
  60  4:33  Drone x2  
  60  4:37  Queen  
  65  4:47  Drone x6, Zerg Melee Weapons Level 1  
  70  4:55  Lair  
  70  5:02  Drone x4  
  70  5:04  Extractor  
  70  5:05  Extractor  
  70  5:06  Hatchery  
  71  5:11  Zergling x6  
  71  5:12  Overlord  
  73  5:19  Overlord x2  
  73  5:22  Extractor  
  73  5:24  Extractor  
  71  5:30  Drone x4  
  71  5:31  Drone x4  
  77  5:45  Drone x7  
  77  5:46  Drone x2  
  85  5:53  Drone  
  85  5:54  Baneling Nest, Drone x4  
  89  5:57  Extractor, Hydralisk Den  
  89  6:02  Overlord x2  
  87  6:08  Drone  
  87  6:16  Drone  
  87  6:17  Drone x4  
  91  6:21  Drone  
  92  6:26  Zergling x12  
  98  6:37  Overlord x2  
  98  6:39  Drone x5  
  103  6:44  Muscular Augments  
  103  6:45  Zerg Melee Weapons Level 2  
  101  6:49  Hatchery  
  101  6:51  Overlord x2  
  101  6:52  Hydralisk x5  
  101  6:54  Centrifugal Hooks  
  110  7:05  Overlord  
  110  7:06  Overlord  
  110  7:07  Drone x7  
  117  7:10  Extractor  
  117  7:11  Extractor  
  115  7:19  Hydralisk x7  
  128  7:28  Overlord  
  128  7:29  Overlord  
  128  7:32  Hydralisk x4  
  129  7:48  Zergling x22  
  129  7:49  Zergling x6  
  142  7:53  Infestation Pit  
  142  7:54  Overlord x2  
  142  7:56  Grooved Spines  
  142  7:57  Drone x5  
  145  8:09  Drone x2  
  145  8:10  Zergling x2  
  145  8:11  Zergling x14  
  155  8:19  Drone x2  
  157  8:21  Evolution Chamber  
  143  8:35  Zergling x14, Hydralisk x6  
  143  8:36  Zergling x2  
  144  8:42  Hydralisk x6  
  138  8:57  Hydralisk x11  
  138  9:01  Zerg Missile Weapons Level 1  
  148  9:04  Zergling x8  
  138  9:14  Drone x8  
  144  9:24  Drone x11  
  155  9:29  Hive  
  155  9:38  Drone  
  155  9:39  Drone x7, Lurker Den  
  155  9:44  Queen  
  164  9:50  Baneling x10  
  164  9:53  Zergling x20  
  172  10:06  Zergling x26  
  181  10:16  Baneling x14  
  181  10:22  Drone x5  
  181  10:27  Pneumatized Carapace  
  181  10:28  Burrow  
  186  10:29  Overseer  
  186  10:30  Overlord  
  178  10:39  Zergling x12  
  178  10:40  Zergling x22  
  185  10:57  Seismic Spines  
  184  11:12  Extractor  
  184  11:14  Zerg Missile Weapons Level 2  
  184  11:15  Zerg Melee Weapons Level 3  
  183  11:21  Hatchery  
  163  11:38  Hydralisk x8  
  163  11:39  Zergling x20  
  167  11:40  Zergling x2  
  167  11:41  Hydralisk x5  
  167  11:42  Zergling x14, Hydralisk x5  
  167  11:43  Zergling x2  
  172  11:54  Adaptive Talons  
  172  11:56  Hydralisk x11  
  172  11:59  Overseer  
  160  12:03  Hydralisk x9  
  160  12:07  Spire  
  160  12:08  Spire  
  176  12:19  Lurker x4  
  176  12:20  Lurker x7  
  176  12:21  Baneling  
  176  12:22  Baneling x14  
  170  12:24  Adrenal Glands  
  170  12:31  Viper x2  
  170  12:33  Zergling x24  
  170  12:34  Zergling x12  
  194  12:39  Extractor  
  193  12:46  Zergling x12  
  193  12:47  Zergling x2  
  199  12:53  Baneling x9  
  199  13:00  Baneling x3  
  199  13:01  Baneling x4  
  166  13:21  Zerg Flyer Weapons Level 1, Zerg Flyer Armor Level 1  
  166  13:22  Corruptor x7  
  180  13:30  Zerg Ground Armor Level 1  
  180  13:31  Zergling x24  
  192  13:43  Corruptor x4  
  200  13:52  Extractor  
  200  13:53  Baneling  
  200  13:54  Baneling x8, Extractor  
  158  14:18  Corruptor  
  158  14:19  Corruptor x6  
  158  14:20  Zergling x20, Hydralisk x6  
  171  14:30  Zergling x20  
  180  14:36  Queen  
  180  14:51  Zergling x6  
  180  14:52  Zergling x10, Corruptor x7  
  183  15:03  Drone x5  
  182  15:07  Drone x3  
  182  15:08  Drone x3  
  182  15:09  Drone x4  
  188  15:20  Lurker x8  
  196  15:27  Zerg Flyer Armor Level 2  
  196  15:31  Drone x3  
  177  16:01  Overseer x2  
  157  16:09  Zergling x28  
  157  16:10  Hydralisk x8  
  180  16:21  Zerg Ground Armor Level 2, Zerg Missile Weapons Level 3  
  162  16:38  Corruptor x8  
  155  16:48  Drone x4  
  159  16:55  Zerg Flyer Weapons Level 2  
  159  16:58  Hatchery  
  158  17:02  Hydralisk x7  
  172  17:11  Lurker x7  
  177  17:24  Corruptor  
  177  17:25  Corruptor x2  
  179  17:42  Viper x2, Extractor  
  179  17:43  Corruptor x3  
  190  17:45  Extractor  
  190  17:50  Lurker x2  
  191  17:56  Zergling x18  
  182  18:29  Zergling x30  
  197  18:35  Ultralisk Cavern  
  193  18:45  Greater Spire  
  193  18:50  Zergling x10  
  198  18:56  Zerg Ground Armor Level 3  
  196  19:08  Overseer x3, Evolution Chamber  
  196  19:09  Evolution Chamber  
  194  19:10  Overseer x2  
  186  19:35  Pathogen Glands  
  177  19:41  Chitinous Plating  
  177  19:44  Ultralisk x4  
  187  20:02  Corruptor x6  
  187  20:04  Overlord x3  
  188  20:10  Zergling x6  
  175  20:16  Corruptor x5  
  175  20:20  Zergling x12, Ultralisk x3  
  175  20:21  Zergling x6  
  184  20:24  Zergling x10  
  184  20:25  Zergling x14  
  184  20:27  Corruptor x2  
  194  20:32  Neural Parasite  
  154  20:50  Corruptor x6  
  142  21:00  Anabolic Synthesis  
  142  21:01  Hydralisk x3  
  142  21:02  Zergling x2  
  117  21:31  Corruptor x5  
  117  21:57  Hatchery  
  115  22:09  Viper x2  
  121  22:16  Hatchery  
  121  22:21  Drone x8  
  128  22:33  Drone x5  
  133  22:37  Drone  
  133  22:38  Drone  
  133  22:41  Lurker  
  133  22:43  Lurker  
  137  23:16  Infestor x2  
  141  23:30  Hatchery, Extractor  
  141  23:32  Extractor  
  137  23:34  Infestor  
  137  23:37  Drone x3  
  137  23:38  Drone x3  
  143  23:58  Extractor  
  143  24:00  Zergling x14  
  143  24:01  Extractor  
  143  24:03  Infestor x2  
  145  24:12  Zergling x24  
  153  24:23  Ultralisk Cavern  
  149  24:26  Overseer  
  136  24:59  Infestor x3  
  137  25:18  Spawning Pool  
  131  25:33  Drone x2  
  131  25:34  Drone x2  
  135  25:47  Overlord x3  
  133  26:00  Ultralisk  
  133  26:01  Overlord x2  
  136  26:15  Ultralisk  
  136  26:16  Ultralisk x2  
Show
View Real Time Build Order
Export as new Build Order

ShowDown Protoss - Winner!

Build Orders: 1 Gate Expand, Oracle Opening, Archon Immortal, Carriers 

Get SALT Encoding   

  12  0:00  Probe  
  13  0:14  Pylon  
  13  0:17  Probe (Chrono Boost)  
  15  0:28  Probe (Chrono Boost)  
  15  0:33  Probe (Chrono Boost)  
  16  0:39  Gateway  
  16  0:43  Probe  
  16  0:48  Assimilator  
  17  0:55  Probe  
  18  1:07  Probe  
  19  1:19  Probe  
  20  1:27  Nexus  
  20  1:34  Cybernetics Core  
  20  1:37  Probe  
  21  1:42  Assimilator  
  21  1:50  Pylon  
  21  1:52  Probe  
  22  2:04  Probe  
  22  2:08  Adept (Chrono Boost)  
  25  2:16  Probe  
  26  2:23  Stargate  
  26  2:28  Adept (Chrono Boost), Probe  
  29  2:40  Probe (Chrono Boost)  
  29  2:42  Warp Gate  
  31  2:46  Probe (Chrono Boost)  
  31  2:49  Probe (Chrono Boost)  
  32  2:51  Stalker  
  32  2:54  Probe x2 (Chrono Boost)  
  36  3:05  Probe  
  37  3:06  Probe  
  37  3:12  Pylon  
  38  3:13  Oracle (Chrono Boost)  
  38  3:17  Probe  
  42  3:20  Probe  
  42  3:26  Gateway  
  43  3:29  Probe  
  43  3:32  Probe  
  45  3:41  Probe  
  46  3:44  Nexus  
  46  3:45  Oracle (Chrono Boost)  
  49  3:52  Probe  
  50  4:03  Probe  
  50  4:05  Probe, Assimilator  
  50  4:07  Assimilator  
  50  4:08  Pylon  
  52  4:15  Probe, Pylon  
  53  4:18  Probe  
  54  4:25  Pylon  
  54  4:26  Oracle (Chrono Boost)  
  54  4:27  Probe  
  54  4:31  Forge  
  58  4:32  Twilight Council  
  58  4:35  Adept  
  58  4:37  Probe  
  61  4:40  Probe  
  62  4:51  Probe (Chrono Boost)  
  64  4:53  Probe (Chrono Boost)  
  64  4:54  Gateway  
  64  4:56  Probe (Chrono Boost)  
  65  5:00  Robotics Facility  
  65  5:03  Gateway  
  65  5:04  Probe (Chrono Boost)  
  65  5:06  Charge (Chrono Boost)  
  68  5:07  Probe (Chrono Boost)  
  68  5:08  Probe (Chrono Boost)  
  68  5:09  Probe (Chrono Boost)  
  68  5:13  Protoss Ground Weapons Level 1  
  69  5:18  Probe (Chrono Boost)  
  72  5:24  Probe (Chrono Boost)  
  72  5:25  Probe (Chrono Boost)  
  72  5:28  Probe (Chrono Boost)  
  73  5:29  Shield Battery  
  73  5:31  Probe (Chrono Boost)  
  73  5:32  Probe (Chrono Boost)  
  73  5:33  Probe (Chrono Boost)  
  76  5:42  Probe  
  75  5:44  Probe x2  
  75  5:50  Gateway  
  75  5:52  Assimilator  
  75  5:54  Gateway x2, Observer  
  75  5:55  Gateway  
  75  5:56  Templar Archives  
  76  5:58  Assimilator  
  76  6:01  Zealot  
  76  6:02  Zealot x3  
  76  6:04  Probe  
  85  6:05  Probe  
  85  6:08  Probe  
  87  6:16  Probe  
  87  6:17  Immortal (Chrono Boost)  
  92  6:29  Probe  
  93  6:34  Pylon  
  93  6:35  Pylon  
  93  6:36  Psionic Storm, Pylon  
  93  6:42  Nexus  
  93  6:44  Pylon  
  93  6:50  Photon Cannon  
  93  6:51  Immortal (Chrono Boost)  
  93  6:52  Photon Cannon  
  97  6:55  High Templar x2  
  97  6:56  High Templar x2  
  97  6:58  High Templar  
  107  7:01  Observer  
  107  7:03  Probe  
  107  7:04  Probe x2  
  107  7:07  Pylon  
  108  7:13  Pylon  
  108  7:15  Zealot x2  
  112  7:16  Protoss Ground Weapons Level 2 (Chrono Boost)  
  112  7:18  Warp Prism (Chrono Boost), Zealot  
  116  7:25  Probe x3  
  118  7:30  Pylon  
  118  7:32  Pylon, High Templar  
  118  7:33  High Templar  
  122  7:37  Archon  
  122  7:38  Pylon  
  122  7:44  Observer  
  122  7:49  Immortal  
  122  7:50  High Templar x2, Zealot x4  
  138  7:54  Archon  
  138  7:55  Probe x4  
  142  8:07  Probe x2  
  142  8:08  Assimilator  
  142  8:10  Assimilator  
  142  8:11  High Templar x2  
  148  8:14  Photon Cannon  
  148  8:15  Archon  
  148  8:16  Shield Battery  
  148  8:17  Zealot x4  
  150  8:33  Archon x2  
  146  8:37  Zealot x2  
  146  8:38  Zealot x4  
  150  8:44  Observer  
  150  8:48  Zealot x2  
  149  9:05  High Templar x4  
  149  9:06  Probe, Immortal  
  146  9:13  Photon Cannon  
  146  9:16  Photon Cannon x2  
  142  9:18  High Templar  
  142  9:19  Shield Battery  
  144  9:31  Zealot x2  
  144  9:35  Nexus  
  144  9:36  Protoss Ground Weapons Level 3  
  144  9:38  Pylon  
  148  9:45  Stargate  
  148  9:46  Pylon  
  148  9:47  Fleet Beacon  
  148  9:49  Photon Cannon  
  148  9:50  Protoss Air Weapons Level 1  
  148  9:53  Photon Cannon  
  148  9:55  Shield Battery  
  146  10:11  High Templar  
  146  10:13  Photon Cannon  
  146  10:14  High Templar x2  
  146  10:16  Zealot x5  
  146  10:19  Archon  
  160  10:23  Photon Cannon  
  160  10:25  Photon Cannon  
  160  10:27  Shield Battery, Photon Cannon  
  160  10:30  Shield Battery  
  160  10:35  Assimilator  
  154  10:39  Assimilator  
  154  10:43  Carrier (Chrono Boost), High Templar  
  154  10:44  Probe  
  154  10:47  Probe  
  154  10:48  Probe  
  154  10:49  Probe  
  172  10:50  Pylon  
  172  10:51  Carrier (Chrono Boost)  
  168  11:02  Probe  
  168  11:04  Probe x3  
  164  11:16  High Templar  
  166  11:25  Zealot x6  
  172  11:26  Zealot  
  172  11:28  Probe  
  172  11:29  Probe x4  
  153  11:40  Probe  
  153  11:41  Probe x2, Carrier  
  148  11:48  Carrier (Chrono Boost)  
  148  11:52  Zealot x5  
  148  11:53  Zealot x3  
  164  12:01  Probe x3 (Chrono Boost)  
  164  12:02  Probe (Chrono Boost)  
  164  12:06  Probe (Chrono Boost)  
  167  12:11  Probe (Chrono Boost)  
  167  12:15  Protoss Shields Level 1, Photon Cannon  
  168  12:16  High Templar, Photon Cannon  
  168  12:17  High Templar  
  168  12:18  High Templar x2  
  168  12:21  Zealot x4  
  184  12:23  Archon  
  184  12:29  Archon  
  184  12:31  Probe  
  184  12:32  Probe x3  
  184  12:35  Mothership (Chrono Boost)  
  184  12:36  Photon Cannon  
  188  12:37  Photon Cannon  
  188  12:47  Stargate  
  196  12:53  Carrier (Chrono Boost)  
  194  13:04  High Templar  
  177  13:13  Carrier (Chrono Boost)  
  177  13:19  Probe (Chrono Boost)  
  165  13:20  Probe x3 (Chrono Boost)  
  165  13:22  Observer  
  165  13:31  Probe (Chrono Boost)  
  167  13:34  Carrier (Chrono Boost)  
  167  13:37  Probe (Chrono Boost)  
  175  13:41  Probe x2 (Chrono Boost)  
  175  13:45  Protoss Air Weapons Level 2  
  175  13:49  High Templar  
  175  13:50  High Templar  
  175  13:54  Nexus  
  169  14:07  Carrier  
  166  14:10  Carrier  
  158  14:21  Archon  
  130  14:25  Zealot x6  
  130  14:30  Protoss Shields Level 2  
  138  14:37  High Templar x2, Void Ray  
  140  14:41  Archon  
  134  14:47  Pylon  
  134  14:50  Pylon  
  128  15:12  Probe x4  
  126  15:16  Photon Cannon  
  126  15:17  High Templar  
  126  15:18  Photon Cannon  
  126  15:20  Photon Cannon  
  126  15:21  High Templar x4  
  130  15:23  High Templar x2  
  130  15:24  Shield Battery, Zealot  
  130  15:26  Shield Battery  
  142  15:29  Archon, Photon Cannon  
  142  15:30  Photon Cannon  
  142  15:37  Carrier x3  
  158  15:44  High Templar  
  158  15:47  Photon Cannon  
  159  15:50  Pylon  
  159  15:51  Zealot  
  159  15:56  Zealot x2  
  159  15:57  Zealot  
  142  16:13  High Templar  
  142  16:14  High Templar x3  
  142  16:18  Assimilator, Archon x2  
  147  16:21  Assimilator  
  139  16:35  Archon  
  139  16:36  Archon  
  121  16:40  Probe x3  
  121  16:41  Carrier, Immortal  
  121  16:42  Carrier x2  
  121  16:43  Assimilator  
  146  16:52  Probe x2 (Chrono Boost)  
  148  17:03  Nexus  
  148  17:14  High Templar  
  148  17:15  High Templar x2  
  153  17:18  High Templar  
  153  17:21  Observer  
  153  17:22  Protoss Air Weapons Level 3  
  156  17:25  Mothership (Chrono Boost)  
  156  17:28  Probe x2  
  162  17:50  Void Ray (Chrono Boost)  
  162  17:51  Void Ray (Chrono Boost)  
  170  17:57  Void Ray (Chrono Boost)  
  174  18:09  Zealot x2  
  178  18:18  Photon Cannon x2  
  176  18:26  Observer  
  175  18:39  Zealot  
  175  18:40  Protoss Shields Level 3 (Chrono Boost)  
  177  18:45  Void Ray (Chrono Boost)  
  189  18:57  Void Ray (Chrono Boost)  
  189  18:59  Void Ray (Chrono Boost)  
  187  19:06  Archon  
  187  19:10  Zealot x3  
  187  19:11  Zealot x3  
  187  19:38  High Templar  
  187  19:39  High Templar  
  189  20:00  Void Ray  
  189  20:04  Void Ray  
  189  20:05  Void Ray  
  189  20:08  Nexus  
  189  20:10  Pylon  
  175  20:17  Mothership  
  177  20:31  Tempest  
  177  20:32  Pylon  
  177  20:33  Probe x2  
  177  20:34  Photon Cannon  
  179  20:36  Photon Cannon  
  179  20:37  Shield Battery  
  179  20:38  Shield Battery  
  179  20:40  Immortal  
  179  20:41  Archon  
  179  20:42  Carrier  
  146  21:03  Void Ray  
  146  21:06  Zealot x2  
  146  21:07  Zealot x4  
  162  21:20  Void Ray  
  162  21:27  Immortal  
  162  21:34  Zealot x2  
  162  21:35  Zealot x2  
  170  21:46  Carrier, Void Ray  
  164  21:49  Assimilator, High Templar x2  
  164  21:53  Assimilator  
  168  21:58  Carrier, Gateway  
  168  21:59  Gateway  
  166  22:02  Gateway  
  166  22:05  High Templar  
  166  22:07  Observer  
  169  22:10  Photon Cannon  
  169  22:13  Photon Cannon  
  169  22:23  Carrier  
  175  22:31  Stargate  
  175  22:34  Photon Cannon, Stargate  
  175  22:35  Zealot  
  175  22:36  Zealot x2  
  181  22:37  Protoss Air Armor Level 1 (Chrono Boost)  
  181  22:40  Pylon  
  181  22:43  High Templar x2  
  185  22:47  High Templar  
  185  22:50  Carrier  
  193  23:02  Carrier  
  188  23:24  Carrier  
  188  23:25  Carrier  
  200  23:37  Nexus  
  200  23:39  Pylon  
  200  23:40  Pylon  
  200  23:41  Assimilator  
  200  23:42  Assimilator  
  199  24:01  Photon Cannon  
  191  24:05  Photon Cannon  
  191  24:07  Photon Cannon x2  
  191  24:08  Photon Cannon x2  
  191  24:09  Carrier x2, Shield Battery  
  188  24:11  Immortal, Shield Battery  
  188  24:13  High Templar x2  
  188  24:14  Photon Cannon  
  196  24:17  Archon  
  192  25:31  High Templar x2  
  192  25:34  Zealot x2  
  199  25:36  Observer  
  199  25:37  Archon  
  199  25:41  High Templar  
  200  25:43  Photon Cannon  
  196  25:59  Oracle  
  189  26:16  Zealot x5  
Tags
 
Add a new tag
Caveats
  • Supply blocks, unpowered buildings, or Contaminate may cause inaccurate times.
  • Supply counts are checked every 10 seconds.